Map: 이터널 엠파이어 - 래더

Players

Zest - Winner!

  • Race: Protoss Protoss
  • Spawn Location: 1:00

GOStephano (Stephano)

  • Race: Zerg Zerg
  • Spawn Location: 7:00

Event: StayAtHomestory Cup #2

VOD

Have the link to the VOD?

Description

Time

  • Played on: June 11, 2020, 5:45 a.m.
  • Length: 9:57

All games in this series

Show
View Real Time Build Order
Export as new Build Order

Zest Protoss - Winner!

Build Orders: 1 Gate Expand, Archon Immortal, Archon Drop, Dark Templar Rush 

Get SALT Encoding   

  12  0:00  Probe  
  13  0:13  Probe  
  14  0:20  Pylon  
  14  0:25  Probe  
  15  0:34  Probe  
  15  0:41  Gateway  
  15  0:42  Probe  
  16  0:49  Assimilator  
  17  0:52  Probe  
  18  1:04  Probe  
  19  1:16  Probe  
  20  1:26  Nexus  
  20  1:36  Cybernetics Core  
  20  1:39  Probe  
  21  1:44  Assimilator  
  21  1:51  Probe  
  21  1:53  Pylon  
  22  2:00  Probe  
  22  2:02  Adept  
  22  2:08  Probe  
  23  2:13  Warp Gate  
  26  2:17  Probe  
  27  2:23  Twilight Council  
  27  2:26  Stalker  
  27  2:29  Probe  
  30  2:38  Probe  
  30  2:41  Probe  
  32  2:50  Robotics Facility  
  32  2:52  Probe  
  32  2:54  Resonating Glaives, Probe  
  34  3:04  Gateway  
  34  3:05  Probe  
  35  3:07  Probe  
  36  3:15  Adept  
  36  3:18  Probe  
  39  3:29  Gateway, Warp Prism  
  39  3:31  Gateway  
  41  3:46  Pylon  
  41  3:47  Probe  
  41  3:48  Probe  
  43  3:57  Dark Shrine  
  43  4:02  Probe  
  44  4:04  Pylon  
  44  4:05  Adept  
  44  4:06  Adept  
  48  4:11  Probe  
  48  4:14  Probe  
  48  4:16  Pylon  
  50  4:23  Assimilator  
  50  4:31  Adept x4  
  50  4:36  Pylon  
  59  4:45  Probe x2  
  60  4:57  Probe  
  60  4:58  Probe  
  60  5:09  Probe  
  60  5:10  Probe  
  60  5:13  Dark Templar x3  
  62  5:17  Assimilator  
  62  5:22  Probe  
  63  5:32  Nexus  
  63  5:37  Probe x2  
  63  5:38  Pylon  
  64  5:48  Dark Templar x2  
  68  5:51  Archon  
  68  5:52  Dark Templar  
  68  5:54  Observer, Probe x2  
  72  5:57  Archon  
  73  6:04  Gateway  
  73  6:05  Gateway  
  73  6:07  Immortal, Gateway  
  73  6:09  Probe x2  
  75  6:16  Shield Battery  
  79  6:19  Pylon  
  79  6:20  Blink  
  79  6:25  Probe x2  
  81  6:37  Probe x2  
  81  6:38  Observer, Immortal  
  87  6:49  Probe x2  
  87  6:50  Observer  
  87  6:52  Probe  
  87  6:54  Sentry x2  
  92  7:01  Probe  
  92  7:07  Immortal  
  93  7:18  Probe x2  
  99  7:23  Pylon  
  99  7:25  Forge  
  99  7:26  Pylon  
  99  7:27  Assimilator  
  99  7:29  Pylon x2  
  100  7:32  Assimilator  
  100  7:33  Sentry x3  
  100  7:37  Shield Battery  
  105  7:38  Immortal  
  105  7:39  Shield Battery  
  105  7:42  Zealot  
  107  7:50  Zealot  
  107  7:51  Stalker x2  
  101  8:07  Stalker x3  
  101  8:10  Stalker  
  101  8:12  Immortal  
  97  8:15  Stalker x3  
  93  8:30  Stalker  
  93  8:31  Stalker x2  
  93  8:34  Stalker  
  95  8:42  Zealot  
  95  8:44  Zealot x2  
  101  8:49  Probe x2  
  101  8:50  Immortal  
  103  9:02  Zealot x4  
  111  9:03  Zealot  
  111  9:09  Gateway  
  117  9:10  Gateway  
  117  9:12  Pylon  
  117  9:19  Zealot x2  
  119  9:25  Stalker x3  
  106  9:44  Stalker x4  
  114  9:48  Pylon  
  114  9:50  Stalker x6  
Show
View Real Time Build Order
Export as new Build Order

GOStephano Zerg 

Build Orders: Hatch First 

Get SALT Encoding   

  12  0:00  Drone  
  13  0:12  Overlord  
  13  0:17  Drone  
  14  0:31  Drone x2  
  16  0:43  Drone  
  17  0:53  Hatchery  
  17  0:56  Drone  
  17  0:59  Drone  
  18  1:09  Extractor  
  17  1:14  Spawning Pool  
  16  1:19  Drone  
  16  1:22  Drone  
  18  1:28  Drone  
  19  1:39  Drone  
  20  1:50  Overlord  
  20  2:00  Queen  
  22  2:05  Queen  
  22  2:06  Zergling x2  
  22  2:07  Drone  
  26  2:12  Drone  
  27  2:15  Drone  
  27  2:17  Metabolic Boost  
  28  2:26  Drone  
  28  2:28  Zergling x2  
  30  2:36  Hatchery  
  29  2:42  Queen  
  31  2:47  Overlord  
  31  2:49  Drone  
  32  2:58  Drone x2  
  34  3:00  Drone  
  34  3:01  Drone  
  36  3:06  Drone  
  36  3:08  Drone x2  
  36  3:10  Drone  
  40  3:13  Drone  
  40  3:18  Overlord  
  41  3:22  Queen  
  41  3:25  Drone  
  44  3:34  Extractor  
  44  3:35  Drone  
  44  3:38  Drone  
  44  3:39  Drone  
  47  3:41  Drone  
  47  3:46  Drone x3, Roach Warren  
  49  3:49  Drone x2  
  49  3:50  Drone  
  49  3:53  Overlord  
  52  4:00  Lair  
  52  4:01  Drone  
  52  4:02  Drone  
  54  4:06  Overlord  
  54  4:08  Overlord  
  54  4:12  Spore Crawler  
  54  4:15  Zergling x2  
  54  4:16  Zergling x4  
  55  4:17  Zergling x2  
  56  4:25  Spore Crawler  
  56  4:27  Roach x2  
  56  4:28  Roach x2  
  63  4:32  Roach  
  63  4:34  Roach x2  
  63  4:36  Roach  
  72  4:39  Roach  
  72  4:41  Roach  
  72  4:42  Roach  
  78  4:46  Roach  
  79  4:54  Roach  
  79  4:57  Overlord  
  79  4:59  Overlord  
  81  5:03  Roach x2  
  81  5:04  Overlord  
  79  5:09  Roach  
  79  5:10  Roach, Overlord  
  78  5:17  Overlord  
  78  5:19  Overseer  
  75  5:26  Drone x2  
  76  5:32  Drone  
  76  5:33  Drone  
  76  5:37  Drone x2  
  76  5:39  Drone x2  
  80  5:43  Drone x2  
  80  5:46  Drone  
  80  5:48  Drone x2  
  85  5:50  Drone  
  85  5:54  Glial Reconstitution  
  85  5:56  Drone  
  87  6:00  Extractor x2  
  87  6:01  Queen  
  87  6:07  Drone x3  
  90  6:13  Overlord  
  90  6:14  Extractor x2  
  85  6:36  Roach x5  
  85  6:37  Roach x4  
  103  6:42  Overlord  
  102  6:50  Roach x3  
  107  6:58  Roach  
  107  6:59  Overlord  
  109  7:02  Zergling x14  
  109  7:06  Zergling x4  
  118  7:19  Overlord  
  118  7:20  Zergling x8  
  122  7:23  Ravager x5  
  122  7:29  Ravager  
  128  7:32  Zergling x8  
  128  7:35  Ravager  
  128  7:36  Overseer  
  133  7:40  Zergling x4  
  135  7:46  Zergling x6  
  135  7:48  Ravager x2  
  129  7:59  Zergling x10  
  120  8:07  Zergling x8  
  120  8:10  Roach  
  108  8:18  Roach x2  
  99  8:24  Roach x3  
  93  8:35  Roach x3  
  93  8:37  Overseer  
  99  8:42  Roach x2  
  99  8:46  Ravager x2  
  99  8:47  Ravager x3  
  109  8:48  Ravager  
  108  8:55  Roach  
  108  8:56  Roach  
  109  9:03  Roach  
  109  9:04  Roach x2  
  109  9:09  Ravager x5  
  119  9:19  Zergling x10  
  119  9:30  Roach x4  
  121  9:38  Roach x3  
Tags
 
Add a new tag
Caveats
  • Supply blocks, unpowered buildings, or Contaminate may cause inaccurate times.
  • Supply counts are checked every 10 seconds.